 Dungeon Crawl Stone Soup version 0.25-a0-576-g50b708a4c4 (webtiles) character file.

Game seed: 5681223963211159255, levelgen mode: deterministic

772 Flugslaktarn the Chopper (level 7, -6/66 HPs)
             Began as a Deep Dwarf Fighter on Mar 1, 2020.
             Mangled by a yak (9 damage)
             ... on level 6 of the Dungeon.
             The game lasted 00:01:10 (1594 turns).

Flugslaktarn the Chopper (Deep Dwarf Fighter)       Turns: 1594, Time: 00:01:11

Health: -6/66      AC:  9    Str: 21    XL:     7   Next: 53%
Magic:  7/7        EV:  7    Int:  9    God:
Gold:   168        SH: 10    Dex: 12    Spells: 6/6 levels left

rFire    . . .     SeeInvis .   a - +0 war axe
rCold    . . .     Gourm    .   c - +0 kite shield
rNeg     . . .     Faith    .   b - +0 scale mail
rPois    .         Spirit   .   (no helmet)
rElec    .         Reflect  .   l - +0 cloak {MR+}
rCorr    .         Harm     .   (no gloves)
MR       ++...                  k - +0 pair of boots
Stlth    ..........             (no amulet)
HPRegen  0.00/turn              (no ring)
MPRegen  0.10/turn              (no ring)

@: non-regenerating
A: damage resistance, heal wounds, sense surroundings 1, no regeneration
a: Heal Wounds


You were on level 6 of the Dungeon.
You were not hungry.

You visited 1 branch of the dungeon, and saw 6 of its levels.

You collected 168 gold pieces.

Inventory:

Hand Weapons
 a - a +0 war axe (weapon)
Missiles
 r - a throwing net (quivered)
Armour
 b - a +0 scale mail (worn)
 c - a +0 kite shield (worn)
 k - a +0 pair of boots (worn)
   (You found it on level 4 of the Dungeon)
 l - a +0 cloak of magic resistance (worn)
   (You took it off Crazy Yiuf on level 4 of the Dungeon)
Scrolls
 g - 3 scrolls of teleportation {unknown}
 h - a scroll of enchant armour {unknown}
 i - 3 scrolls of remove curse {unknown}
 j - 5 scrolls of identify {unknown}
 n - a scroll of magic mapping {unknown}
 o - a scroll of noise {unknown}
Potions
 d - 2 potions of might
 m - a potion of invisibility {unknown}
 p - a potion of curing {unknown}
 q - 2 potions of lignification {unknown}
Comestibles
 e - 6 rations
 f - a chunk of flesh


   Skills:
 + Level 4.3 Fighting
 * Level 6.2 Axes
 + Level 5.2 Armour
 + Level 5.2 Shields


You had 6 spell levels left.
You didn't know any spells.
Your spell library was empty.

Dungeon Overview and Level Annotations

Branches:
Dungeon (6/15)
 Temple: D:4-7

Altars:
Okawaru


Innate Abilities, Weirdness & Mutations

You are resistant to damage.
You can heal yourself by infusing magical energy.
You passively map a small area around you.
You do not regenerate.


Message History

Your shield prevents you from hitting the yak.
You hit the yak but do no damage. You slash the orc!
You kill the orc!
The yak gores you but does no damage. The orc hits you but does no damage.
The yak closely misses you. You block the yak's attack. The yak gores you!
The yak gores you. The yak gores you! The orc hits you but does no damage.
The yak gores you.
You slash the orc!
You kill the orc!
You hit the yak. x2; You barely miss the yak.
You hit the yak but do no damage.
Your shield prevents you from hitting the yak.
You block the yak's attack. The yak gores you.
* * * LOW HITPOINT WARNING * * *
The yak gores you but does no damage. You block the leopard gecko's attack.
The yak completely misses you. The yak gores you!
* * * LOW HITPOINT WARNING * * *
The yak gores you!
* * * LOW HITPOINT WARNING * * *
The yak gores you!
You die...

* , *
#..........., ,
#..........#
#.........#
#..5ยง.....#
##### #....[...#
*
##....##...o...#
..........YYY..#
..........Y@Y.#
.>........l.)##
,
...........#..#
..........###..#
..........# ...#
* .......<.##
#.... , ,
.......)## *
..... ......>##
* ,..... *
......#* .... ,


You could see 5 yaks, a crimson imp, an orc and a leopard gecko.

Vanquished Creatures
  Eustachio (D:4)
  An ogre (D:4)
  2 centaurs (D:5)
  A scorpion (D:5)
  A bullfrog zombie (D:5)
  2 orc wizards
  Crazy Yiuf (D:4)
  An orc priest (D:5)
  A hound (D:5)
  3 worker ants (D:4)
  A hound skeleton (D:4)
  2 adders
  A shadow imp (D:5)
  An adder zombie (D:5)
  2 worms
  2 leopard geckos
  14 orcs
  5 giant cockroaches
  A goblin (D:2)
  3 hobgoblins
  6 jackals
  A kobold (D:2)
  3 rats
56 creatures vanquished.

Notes
Turn   | Place    | Note
-------+----------+-------------------------------------------
     0 | D:1      | Flugslaktarn the Deep Dwarf Fighter began the quest for the
                  | Orb.
     0 | D:1      | Reached XP level 1. HP: 20/20 MP: 1/1
    58 | D:2      | Found an iron altar of Okawaru.
   132 | D:2      | Reached XP level 2. HP: 16/27 MP: 2/2
   234 | D:3      | Reached skill level 3 in Axes
   247 | D:3      | Reached XP level 3. HP: 25/33 MP: 3/3
   300 | D:4      | Found a runed translucent door.
   301 | D:4      | Noticed Crazy Yiuf
   394 | D:4      | Killed Crazy Yiuf
   457 | D:4      | Reached XP level 4. HP: 42/42 MP: 4/4
   524 | D:4      | Noticed an ogre
   529 | D:4      | Killed an ogre
   529 | D:4      | Reached skill level 4 in Axes
   529 | D:4      | Reached XP level 5. HP: 39/49 MP: 5/5
   642 | D:4      | Noticed Eustachio
   701 | D:4      | Killed Eustachio
   701 | D:4      | Reached skill level 5 in Axes
   701 | D:4      | Reached XP level 6. HP: 30/57 MP: 6/6
   952 | D:5      | Entered Level 5 of the Dungeon
   997 | D:5      | Reached XP level 7. HP: 50/64 MP: 7/7
  1191 | D:5      | Reached skill level 5 in Shields
  1198 | D:5      | Reached skill level 5 in Armour
  1251 | D:5      | Reached skill level 6 in Axes
  1579 | D:6      | Noticed a yak
  1580 | D:6      | Noticed a yak
  1582 | D:6      | Noticed a yak
  1582 | D:6      | Noticed a yak
  1584 | D:6      | Noticed a yak
  1594 | D:6      | HP: 3/66 [yak (8)]
  1594 | D:6      | Mangled by a yak

Levels and vault maps discovered:
D:1:      heliophobic_arrival_battle_scene, layout_basic, minmay_3d_cube
D:2:      layout_basic, okawaru_metal_pillars_1_2
D:3:      layout_rooms, roderic_batcave, fountainhead, uniq_natasha
D:4:      layout_basic, first_ration, kennysheep_generic_room_9,
          uniq_crazy_yiuf_cottage, uniq_eustachio
D:5:      layout_loops_ring
D:6:      layout_cave_pods, tgw_trog

Skill      XL: |  1  2  3  4  5  6  7 |
---------------+----------------------+-----
Axes           | 3 4 5 6 |  6.2
Fighting       | 3 4 |  4.3
Armour         | 4 5 |  5.2
Shields        | 4 5 |  5.2

Action                   |  1- 3 |  4- 6 |  7- 9 || total
-------------------------+-------+-------+-------++-------
Melee: War axe           |    63 |   109 |    73 ||   245
 Abil: Heal Wounds       |     2 |     4 |     3 ||     9
  Eat: Chunk             |       |     1 |     2 ||     3
Armor: Scale mail        |    29 |   152 |    43 ||   224
Dodge: Dodged            |    24 |    99 |    38 ||   161
Block: Kite shield       |    29 |    94 |    45 ||   168

Table legend:
 A = Non-vault XP
 B = Vault XP
 C = Vault XP percentage of total XP
 D = Non-vault monster count
 E = Vault monster count
 F = Vault count percentage of total count
                 A         B        C        D         E       F
            +---------+---------+-------+---------+---------+-------
      Total |     750 |     353 |  32.0 |      53 |       3 |   5.4
            +---------+---------+-------+---------+---------+-------
        D:1 |       2 |       0 |   0.0 |       1 |       0 |   0.0
        D:2 |      29 |       0 |   0.0 |       8 |       0 |   0.0
        D:3 |      17 |       0 |   0.0 |       9 |       0 |   0.0
        D:4 |     189 |     353 |  65.1 |      13 |       3 |  18.8
        D:5 |     495 |       0 |   0.0 |      15 |       0 |   0.0
        D:6 |      18 |       0 |   0.0 |       7 |       0 |   0.0
            +---------+---------+-------+---------+---------+-------
